 Dungeon Crawl Stone Soup version 0.28-a0-845-gfc338a8e3c (webtiles) character file.

Game seed: 17793272486832426213

2 siradein the Ducker (level 1, 11/12 HPs)
             Began as a Kobold Gladiator on Nov 12, 2021.
             Quit the game on level 1 of the Dungeon.
             The game lasted 00:00:42 (164 turns).

siradein the Ducker (Kobold Gladiator)               Turns: 164, Time: 00:00:43

Health: 11/12      AC:  4    Str: 11    XL:     1   Next: 44%
Magic:  1/1        EV: 15    Int:  9    God:
Gold:   0          SH:  5    Dex: 16    Spells: 0/0 levels left

rFire   . . .      SeeInvis .   a - +0 trident
rCold   . . .      Faith    .   (shield currently unavailable)
rNeg    . . .      Spirit   .   b - +0 leather armour
rPois   .          Reflect  +   c - +0 helmet
rElec   .          Harm     .   (no cloak)
rCorr   .          Rampage  .   (no gloves)
Will    .....                   (no boots)
Stlth   ++........              f - amulet of reflection
HPRegen 0.04/turn               (no ring)
MPRegen 0.07/turn               (no ring)

@: no status effects
A: small, no large weapons, nightstalker 3
a: no special abilities


You were on level 1 of the Dungeon.
You visited 1 branch of the dungeon, and saw 1 of its levels.

Inventory:

Hand Weapons
 a - a +0 trident (weapon)
Missiles
 d - 3 throwing nets (quivered)
Armour
 b - a +0 leather armour (worn)
 c - a +0 helmet (worn)
Jewellery
 f - an amulet of reflection (around neck)
Potions
 e - a potion of haste {unknown}


   Skills:
 + Level 2.2 Fighting
 + Level 2.4 Polearms
 + Level 2.2 Throwing
 + Level 3.7 Dodging


You couldn't memorise any spells.
You didn't know any spells.
Your spell library was empty.

Dungeon Overview and Level Annotations

Branches:
Dungeon (1/15)

Altars:


Innate Abilities, Weirdness & Mutations

You are small and have problems with some larger weapons.
You are completely attuned to the shadows.


Message History

The ball python hisses angrily.
You barely miss the ball python.
The ball python bites you but does no damage.
The ball python grabs you. The ball python constricts you.
The ball python bites you. The ball python constricts you.
You closely miss the ball python. The ball python bites you.
The ball python constricts you.
You puncture the ball python!
You kill the ball python!
No target in view!
No target in view!
Key pressed, stopping explore.
HP restored.
f - an amulet of reflection A bat comes into view.
A bat is nearby!
You start putting on your amulet.
You continue putting on your amulet of reflection. x2
The bat hits you.
Keep equipping yourself? [Y]es or [N]o only, please.
Keep equipping yourself? [Y]es or [N]o only, please.
Keep equipping yourself?
You continue putting on your amulet of reflection.
The bat hits you but does no damage.
You continue putting on your amulet of reflection.
The bat barely misses you.
You continue putting on your amulet of reflection.
The bat hits you but does no damage. x2
You finish putting on your amulet of reflection.
You feel a shielding aura gather around you.
f - an amulet of reflection (around neck) Unknown command.
You hit the bat.
You kill the bat!
No target in view!
No target in view!
No target in view!
Are you sure you want to abandon this character and quit the game? (Confirm with "yes".)

≈≈≈≈≈≈≈≈ .≈≈≈.≈≈
...#.## .≈.≈≈.
..... .....# #.#.#
#
....@#######.#.##.#
...................
.............#.##.#
##+.....####.#.#
+....... ..#.#
#..........#.#
S...#.# #.# #.##.#


There were no monsters in sight!

Vanquished Creatures
  A ball python (D:1)
  A bat (D:1)
  A frilled lizard (D:1)
3 creatures vanquished.

Notes
Turn   | Place    | Note
-------+----------+-------------------------------------------
     0 | D:1      | siradein the Kobold Gladiator began the quest for the Orb.
     0 | D:1      | Reached XP level 1. HP: 12/12 MP: 1/1
   164 | D:1      | Quit the game

Illustrated notes

Levels and vault maps discovered:
D:1:      scummos_arrival_checkerplants, layout_basic,
          chequers_ecumenical_altar_island

Action                   || total
-------------------------++-------
Melee: Trident           ||     5
 Stab: Sleeping          ||     1
Armor: Leather armour    ||     4
Dodge: Dodged            ||     1

Table legend: (Time is in decaauts)
 A = Elapsed time spent in this place.
 B = Non-inter-level travel time spent in this place.
 C = Inter-level travel time spent in this place.
 D = Time resting spent in this place.
 E = Time spent auto-exploring this place.
 F = Levels seen in this place.
 G = Mean time per level.
                   A        B        C        D        E       F      G
               +--------+--------+--------+--------+--------+-----+--------+
         Total |    164 |    164 |      0 |      0 |    144 |   1 |  164.0 |
       Dungeon |    164 |    164 |      0 |      0 |    144 |   1 |  164.0 |
               +--------+--------+--------+--------+--------+-----+--------+

Top non-repeatable levels by time:
     D:1: 164 daAuts
